 Dungeon Crawl Stone Soup version 0.18.1-8-gdd0e5ea (webtiles) character file.

26 juanjsm the Insei (level 3, 0/23 HPs)
             Began as an Octopode Transmuter on June 7, 2016.
             Slain by an adder (3 damage)
             ... on level 1 of the Dungeon.
             The game lasted 00:03:23 (968 turns).

juanjsm the Insei (Octopode Transmuter)              Turns: 968, Time: 00:03:24

Health: 0/23       AC:  2    Str:  9    XL:     3   Next: 8%
Magic:  0/6        EV: 20    Int: 16    God:
Gold:   38         SH:  0    Dex: 17    Spells: 2 memorised, 2 levels left

rFire  . . .     SeeInvis .       - Unarmed
rCold  . . .     Gourm    .     (shield currently unavailable)
rNeg   . . .     Faith    .     (helmet currently unavailable)
rPois  x         Spirit   .     (no amulet)
rElec  .         Dismiss  .     e - ring of protection from magic
rCorr  .         Reflect  .     (no ring)
SustAt .         Harm     .     (no ring)
MR     +....                    (no ring)
Stlth  ++........               (no ring)
                                (no ring)
                                (no ring)
                                (no ring)

@: lethally poisoned (0 -> -18), spider-form, very slightly contaminated,
somewhat resistant to hostile enchantments, unstealthy
A: almost no armour, (amphibious), 8 rings, (constrict 8), (camouflage 0),
(gelatinous body 0)
a: End Transformation


You were on level 1 of the Dungeon.
You were hungry.
You were a venomous arachnid creature.
You visited 1 branch of the dungeon, and saw 2 of its levels.

You collected 38 gold pieces.

Inventory:

Hand Weapons
 h - a +0 dagger (melded)
Missiles
 a - 12 arrows
 d - 34 stones (quivered)
 g - 2 throwing nets
Jewellery
 e - a ring of protection from magic (left front leg)
Books
 b - a book of Changes

   Spells                             Type                      Level
   a - Beastly Appendage              Transmutation                1
   b - Sticks to Snakes               Transmutation                2
   c - Spider Form                    Transmutation/Poison         3
   d - Ice Form                       Ice/Transmutation            4
   e - Blade Hands                    Transmutation                5
Comestibles
 c - a bread ration
 f - a meat ration
 i - 3 chunks of flesh


   Skills:
 - Level 1.0 Fighting
 - Level 2.2 Dodging
 - Level 0.4 Stealth
 - Level 3.2 Unarmed Combat
 - Level 2.2 Spellcasting
 + Level 2.7 Transmutations


You had 2 spell levels left.
You knew the following spells:

 Your Spells              Type           Power        Failure   Level  Hunger
a - Beastly Appendage     Trmt           ##....       24%         1    #......
b - Spider Form           Trmt/Pois      #.........   61%         3    ###....


Dungeon Overview and Level Annotations

Branches:
Dungeon (2/15)

Altars:


Innate Abilities, Weirdness & Mutations

You cannot wear most types of armour.
((You are amphibious.))
You can wear up to eight rings at the same time.
((You can use your tentacles to constrict eight enemies at once.))
((Your skin changes colour to match your surroundings (Stealth).))
((Your rubbery body absorbs attacks (AC +1).))


Message History

Confirm with . or Enter, or press ? or * to list all spells.
You don't know that spell.
Casting: Beastly Appendage
Confirm with . or Enter, or press ? or * to list all spells.
You miscast Spider Form.
You are very lightly contaminated with residual magic.
You feel faint for a moment.
You are feeling hungry.
The adder closely misses you.
Casting: Spider Form
Confirm with . or Enter, or press ? or * to list all spells.
You turn into a venomous arachnid creature.
Your +0 dagger melds into your body.
* * * LOW HITPOINT WARNING * * *
You feel sick. The adder completely misses you.
You barely miss the adder. The adder bites you.
* * * LOW HITPOINT WARNING * * *
You are more poisoned.
The adder poisons you! The adder bites you.
You die...

##.......## ##.###.
##.....## #######.
##...## #...)...
#####+## #.#####. #..
... ..# #.# ###. #.#
#.# #.# #.# #...
#)###.###.# #.###)##
###>##...##.#
#..>....
#...Ss....#.#
#####.##
#.###w#...##.# #.# ..
#.##.###.#######.# ##
#................#
#...###.#############
## # #.# #.# #.# #.#


You could see a worm and an adder.

Vanquished Creatures
  An ooze (D:1)
  2 bats
  4 giant cockroaches (D:1)
  A goblin (D:2)
  2 hobgoblins (D:1)
  3 jackals (D:1)
  2 giant newts (D:1)
  2 kobolds
  3 rats (D:1)
20 creatures vanquished.

Notes
Turn   | Place    | Note
--------------------------------------------------------------
     0 | D:1      | juanjsm the Octopode Transmuter began the quest for the Orb.
     0 | D:1      | Reached XP level 1. HP: 13/13 MP: 3/3
   316 | D:1      | Reached XP level 2. HP: 13/18 MP: 3/5
   833 | D:2      | Reached XP level 3. HP: 16/23 MP: 6/6
   839 | D:2      | Learned a level 3 spell: Spider Form
   968 | D:1      | Slain by an adder

Action                   || total
-------------------------++-------
Melee: Unarmed           ||    10
       Dagger            ||    39
       Constrict         ||     9
       Kick              ||     7
       Tentacles         ||     5
 Cast: Beastly Appendage ||    13
       Spider Form       ||     1
 Stab: Sleeping          ||     4
Armor: Skin              ||     6
Dodge: Dodged            ||    34
